Description

just a test

Build Order

Get SALT Encoding   

  13  0:05  Overlord  
  17  0:45  Hatchery -> gas -> pool  
  19  1:40  Overlord  
  20  2:00  Queen 2x + 4x lings  
  26  2:10  Metabolic Boost  
  31  2:40  Hatchery -> ovie -> 3rd queen  
  40  3:20  Overlord 2x  
  44  3:50  Roach Warren + 2nd gas @natural saturated  
  50  4:00  Overlord scout + one round of lings  
  55  4:30  Lair + double evo  
Spawning Tool Build Advisor. Get it on Overwolf

Analysis

Analysis 14 Drone scout

Set Attack Timing:

tbd Benchmarking:

tbd

Go to:

Details

  • Created by: E4er
  • Published on: Feb 02, 2026
  • Modified on: Feb 02, 2026
  • Patch: 5.0.11
  • Difficulty: Easy
Show
View Real Time Build Order
Export as new Build Order

Comments (1)

On Feb. 6, 2026, 11:35 a.m., USheya  said:

Hey so hatch - gas - pool is the first mention of gas, then it says 2nd gas at natural saturated. Does this imply that the main is also double gas saturated?

Create an account to comment!